 Dungeon Crawl Stone Soup version 0.17.1-3-g152610e (webtiles) character file.

369 juanjsm the Sneak (level 6, -9/29 HPs)
             Began as a Spriggan Venom Mage on Apr 8, 2016.
             Killed by divine providence
             ... invoked by an orc priest
              (17 damage)
             ... on level 5 of the Dungeon.
             The game lasted 00:17:24 (3370 turns).

juanjsm the Sneak (Spriggan Venom Mage)             Turns: 3370, Time: 00:17:24

Health: -9/29      AC:  2    Str:  4    XL:     6   Next: 41%
Magic:  0/14       EV: 20    Int: 18    God:
Gold:   210        SH:  0    Dex: 17    Spells: 4 memorised, 4 levels left

rFire  . . .     SeeInvis +     f - +0 dagger
rCold  . . .     Clarity  .     a - +0 robe
rNeg   . . .     SustAt   +     (shield restricted)
rPois  .         Gourm    .     (helmet restricted)
rElec  .         Spirit   .     (no cloak)
rCorr  +         Warding  .     (gloves unavailable)
rMut   .         Stasis   .     (boots unavailable)
MR     +....                    g - amulet of resist corrosion
Stlth  +++.......               p - ring of wizardry
                                s - ring of sustain attributes

@: lethally poisoned (-9 -> -10), very quick, somewhat resistant to hostile
enchantments, fairly stealthy
A: unfitting armour, see invisible, herbivore 3, speed 3, slow metabolism 2
a: no special abilities


You were on level 5 of the Dungeon.
You were hungry.

You visited 1 branch of the dungeon, and saw 5 of its levels.

You collected 210 gold pieces.

Inventory:

Hand Weapons
 f - a +0 dagger (weapon)
Armour
 a - a +0 robe (worn)
Jewellery
 d - an uncursed ring of flight
 g - an amulet of resist corrosion (around neck)
 p - a ring of wizardry (right hand)
 s - a ring of sustain attributes (left hand)
Scrolls
 j - 2 scrolls of remove curse {unknown}
 l - a scroll of fear {unknown}
 m - a scroll of immolation {unknown}
 n - 6 scrolls of identify {unknown}
 o - 4 scrolls of teleportation {unknown}
 q - a scroll of amnesia {unknown}
 v - a scroll of noise {unknown}
 w - a scroll of recharging {unknown}
Potions
 e - a potion of invisibility {unknown}
 h - a potion of heal wounds {unknown}
 i - a potion of brilliance {unknown}
 r - a potion of degeneration {unknown}
 u - a potion of lignification {unknown}
 x - a potion of ambrosia {unknown}
 z - a potion of beneficial mutation {unknown}
 A - a potion of might {unknown}
Books
 b - a Young Poisoner's Handbook

   Spells                             Type                      Level
   a - Sting                          Conjuration/Poison           1
   b - Cure Poison                    Poison                       2
   c - Mephitic Cloud                 Conjuration/Poison/Air       3
   d - Olgreb's Toxic Radiance        Poison                       4
   e - Venom Bolt                     Conjuration/Poison           5
Comestibles
 c - 4 bread rations
 k - a slice of pizza
 t - 3 fruits


   Skills:
 + Level 0.7 Fighting
 + Level 4.6 Dodging
 + Level 5.3 Stealth
 + Level 0.1 Unarmed Combat
 + Level 4.7 Spellcasting
 + Level 1.5 Conjurations
 + Level 0.3 Air Magic
 + Level 5.1 Poison Magic


You had 4 spell levels left.
You knew the following spells:

 Your Spells              Type           Power        Failure   Level  Hunger
a - Sting                 Conj/Pois      ###.         1%          1    None
b - Mephitic Cloud        Conj/Pois/Air  ##......     9%          3    ###....
c - Cure Poison           Pois           ###.......   1%          2    #......
d - Olgreb's Toxic Radia  Pois           ###.....     9%          4    ####...


Dungeon Overview and Level Annotations

Branches:
Dungeon (5/15)
 Temple: D:4-7

Altars:
Dithmenos
Elyvilon
Qazlal


Innate Abilities, Weirdness & Mutations

You are tiny and cannot use many weapons and most armour.
You have supernaturally acute eyesight.
You are a herbivore.
You cover ground extremely quickly.
You need consume almost no food.


Message History

The orc priest looks even sicker.
Your toxic aura wanes.
You feel sick. The orc completely misses you.
The crimson imp blinks!
You kill the orc!
The crimson imp grins evilly.
Casting: Cure Poison
Confirm with . or Enter, or press ? or * to list all spells.
You don't have enough magic to cast that spell.
The crimson imp blinks!
You open the door.
You feel sick.
The orc priest calls down the wrath of Beogh upon you.
Something smites you!
Ouch! That really hurt!
* * * LOW HITPOINT WARNING * * *
There is an open door here.
The orc priest invokes the aid of Beogh against you.
Something smites you!
Ouch! That really hurt!
You die...

#... #........#
#....#####.)###.###
#.#...^.....#§...§#
#.#.>######.#.....### #.#
#...._....# #.#######
###.....#....
#.......#####§...§####.
#.......#...###.############
#.(....)'.....@'...o[..§....
##......#......#############
#......####.#........#
#......# #.#.######.#
#......# #.#.# #.# ########
#.#.# #[# #.#.# #.#
#.#.######.#########
#.#.................


You could see an orc priest.

Vanquished Creatures
  2 ogres
  2 worker ants
  6 adders
  2 oozes (D:2)
  A worm (D:3)
  5 giant geckos
  6 orcs
  6 bats
  9 goblins
  6 hobgoblins
  2 jackals (D:2)
  7 kobolds
  4 quokkas
  7 giant cockroaches
  5 giant newts
  A quokka skeleton (D:5)
  11 rats
82 creatures vanquished.

Notes
Turn   | Place    | Note
--------------------------------------------------------------
     0 | D:1      | juanjsm the Spriggan Venom Mage began the quest for the Orb.
     0 | D:1      | Reached XP level 1. HP: 9/9 MP: 5/5
    75 | D:1      | You fall through a shaft!
   550 | D:1      | Reached XP level 2. HP: 10/13 MP: 0/6
  1316 | D:2      | Reached XP level 3. HP: 14/16 MP: 0/8
  1321 | D:2      | Learned a level 3 spell: Mephitic Cloud
  1756 | D:2      | Found a white marble altar of Elyvilon.
  1787 | D:2      | Found a shadowy altar of Dithmenos.
  1883 | D:3      | Reached XP level 4. HP: 21/21 MP: 6/10
  1897 | D:3      | Learned a level 2 spell: Cure Poison
  1902 | D:3      | Learned a level 4 spell: Olgreb's Toxic Radiance
  1990 | D:3      | You fall through a shaft!
  1998 | D:4      | Reached skill level 1 in Conjurations
  2511 | D:3      | Reached XP level 5. HP: 24/24 MP: 8/11
  2920 | D:4      | Noticed an ogre
  2954 | D:4      | Killed an ogre
  3073 | D:4      | Reached XP level 6. HP: 29/29 MP: 10/13
  3231 | D:5      | Entered Level 5 of the Dungeon
  3263 | D:5      | Found a stormy altar of Qazlal.
  3307 | D:5      | Reached skill level 5 in Stealth
  3307 | D:5      | Reached skill level 5 in Poison Magic
  3370 | D:5      | Killed from afar by an orc priest

Action                   |  1- 3 |  4- 6 || total
-------------------------+-------+-------++-------
Melee: Unarmed           |    12 |       ||    12
       Dagger            |    76 |    70 ||   146
 Cast: Sting             |    73 |    59 ||   132
       Mephitic Cloud    |       |     3 ||     3
       Cure Poison       |       |     3 ||     3
       Olgreb's Toxic Ra |       |     1 ||     1
 Stab: Sleeping          |     4 |    11 ||    15
       Confused          |       |     2 ||     2
